AoeStats
← TheDayOfDurin

Arena

508712126Analyzed
4v4 RM · 9d ago on Sep 23, 2026· 46m 43s· 8 players
Game mode
Random Map
Map size
Large (8 player)
Population
200
Speed
Normal
Resources
Standard
Victory
Conquest
Starting age
Dark Age
Ending age
Imperial Age
RankedLock teamsTeams togetherTeam positionsShared explorationLock speedFull tech treeHidden civsTurbo modeCheats
Victory
Defeat
🇹🇷 Celts · Türkiye
984
+13
🇹🇷 Cumans · Türkiye
939
+14
🇩🇪 Persians · Germany
920
+15
🇫🇷 Britons · France
894
+16
🇨🇦 Danes · Canada
962
-17
🇮🇹 Italians · Italy
904
-15
🇮🇹 Ethiopians · Italy
900
-14
🇮🇹 Georgians · Italy
849
-12
IndischerHammer
8:58 Feudal Age
9:19 Double-Bit Axe
10:21 Horse Collar
11:24 Wheelbarrow
17:36 Castle Age
18:25 Bow Saw
18:18 Heavy Plow
22:31 Stone Mining
23:23 Hand Cart
23:57 Gold Mining
25:44 Loom
27:11 Gold Shaft Mining
27:13 Stone Shaft Mining
30:26 Imperial Age
29:07 Coinage
28:38 Caravan
29:33 Forging
29:23 Scale Mail Armor
29:29 Scale Barding Armor
31:05 Iron Casting
30:53 Ballistics
31:45 Two-Man Saw
31:17 Crop Rotation
31:19 Banking
30:59 Guilds
31:49 Chain Mail Armor
31:58 Chain Barding Armor
32:04 Conscription
31:19 Elite War Elephant
32:29 Padded Archer Armor
32:19 Fletching
31:55 Pikeman
32:37 Squires
32:48 Halberdier
34:43 Plate Mail Armor
35:13 Blast Furnace
34:19 Husbandry
34:29 Bloodlines
36:51 Plate Barding Armor
36:32 Leather Archer Armor
36:13 Bodkin Arrow
35:57 Crossbowman
36:43 Thumb Ring
36:00 Elite Skirmisher
36:47 Kamandaran
39:39 Chemistry
38:48 Cavalier
38:56 Heavy Camel Rider
40:05 Savar
42:59 Ring Archer Armor
43:20 Arson
Goup
11:07 Feudal Age
18:34 Castle Age
28:43 Imperial Age
29:52 Conscription
30:37 Wheelbarrow
29:59 Fletching
30:10 Town Watch
31:31 Murder Holes
31:43 Padded Archer Armor
34:05 Chemistry
33:26 Ballistics
33:04 Bodkin Arrow
34:58 Bracer
35:15 Leather Archer Armor
36:40 Elite Longbowman
41:30 Double-Bit Axe
45:59 Yeomen
Furkan
10:34 Feudal Age
9:58 Loom
15:59 Castle Age
13:57 Double-Bit Axe
17:01 Capped Ram
24:12 Horse Collar
24:43 Bow Saw
25:11 Heavy Plow
27:58 Gold Mining
29:31 Wheelbarrow
28:41 Town Watch
31:01 Hand Cart
37:02 Imperial Age
34:54 Town Patrol
36:09 Scale Barding Armor
36:15 Forging
36:48 Gold Shaft Mining
36:04 Stone Mining
36:19 Pikeman
37:00 Squires
36:45 Arson
37:36 Cavalier
37:51 Siege Ram
39:35 Chain Barding Armor
39:50 Iron Casting
39:33 Paladin
42:14 Plate Barding Armor
42:39 Blast Furnace
43:55 Crop Rotation
45:13 Two-Man Saw
siyah1903beyaz80
9:29 Feudal Age
9:59 Double-Bit Axe
11:05 Man-at-Arms
12:02 Arson
13:00 Scale Mail Armor
15:45 Forging
25:29 Castle Age
24:31 Horse Collar
27:31 Heavy Plow
27:24 Gold Mining
27:29 Fletching
29:22 Wheelbarrow
29:21 Bow Saw
30:09 Stone Mining
30:50 Hand Cart
30:45 Bodkin Arrow
31:06 Chain Mail Armor
31:27 Iron Casting
32:06 Stone Shaft Mining
32:09 Gold Shaft Mining
31:52 Pikeman
31:56 Long Swordsman
32:42 Padded Archer Armor
32:29 Gambesons
35:31 Heated Shot
38:58 Imperial Age
37:51 Ballistics
39:03 Elite Woad Raider
39:24 Heavy Scorpion
40:24 Leather Archer Armor
41:10 Blast Furnace
41:14 Chemistry
40:51 Furor Celtica
41:47 Conscription
42:01 Ring Archer Armor
42:01 Halberdier
43:41 Hoardings
42:39 Elite Woad Raider
Rick Il Rosso
10:29 Loom
12:24 Feudal Age
14:09 Double-Bit Axe
17:02 Castle Age
14:46 Horse Collar
19:39 Wheelbarrow
20:37 Bow Saw
21:42 Crossbowman
22:23 Elite Skirmisher
28:48 Hand Cart
29:16 Gold Mining
32:28 Imperial Age
30:30 Caravan
31:44 Heavy Plow
32:15 Fortified Wall
32:01 Murder Holes
32:34 Ballistics
33:09 Thumb Ring
33:27 Scale Barding Armor
33:13 Fletching
33:23 Padded Archer Armor
33:33 Forging
34:37 Chemistry
33:49 Masonry
33:31 Arbalester
33:33 Elite Genoese Crossbowman
36:55 Conscription
37:57 Bloodlines
37:47 Husbandry
37:08 Light Cavalry
38:55 Iron Casting
38:35 Leather Archer Armor
38:21 Bodkin Arrow
38:37 Scale Barding Armor
39:08 Iron Casting
39:41 Hussar
41:30 Ring Archer Armor
TheDayOfDurin
13:20 Feudal Age
17:13 Castle Age
17:02 Horse Collar
17:14 Double-Bit Axe
19:53 Gold Mining
20:57 Forging
27:05 Squires
28:18 Bow Saw
28:36 Heavy Plow
29:21 Wheelbarrow
29:17 Husbandry
30:23 Iron Casting
35:50 Pikeman
37:56 Elite Skirmisher
41:30 Imperial Age
40:16 Fletching
40:28 Padded Archer Armor
41:19 Scale Mail Armor
41:25 Scale Barding Armor
44:04 Leather Archer Armor
43:45 Bodkin Arrow
DanTe
10:56 Feudal Age
11:26 Double-Bit Axe
11:25 Horse Collar
17:35 Castle Age
18:55 Bow Saw
18:47 Heavy Plow
21:15 Wheelbarrow
21:39 Loom
36:23 Wheelbarrow
38:57 Hand Cart
39:14 Fortified Wall
43:37 Imperial Age
42:32 Crossbowman
43:18 Thumb Ring
44:02 Gold Mining
45:36 Light Cavalry
46:17 Husbandry
Skleton
10:26 Feudal Age
11:51 Double-Bit Axe
14:11 Castle Age
22:10 Horse Collar
24:48 Heavy Plow
25:09 Bow Saw
26:21 Loom
27:11 Wheelbarrow
30:46 Imperial Age
28:53 Hand Cart
28:49 Gold Mining
28:49 Stone Mining
29:24 Forging
29:14 Scale Mail Armor
30:39 Iron Casting
31:57 Chain Mail Armor
31:05 Elite Varangian Guard
31:32 Gambesons
31:50 Squires
31:35 Arson
33:01 Blast Furnace
33:25 Plate Mail Armor
32:49 Gambesons
35:40 Conscription
34:48 Onager
35:16 Northmen's Fury
38:23 Siege Onager
40:40 Siege Engineers
41:36 Chemistry
40:56 Ballistics
Connection lost

Rejoining the realm…

Still unreachable

The connection could not be restored.

Session expired

The server has moved on; the page needs a fresh start.